AoeStats
← Navix de los Bosques de Lituania

Lombardia

509028239Analyzed
2v2 RM · 5d ago on Sep 25, 2026· 57m 45s· 4 players
Game mode
Random Map
Map size
Medium (4 player)
Population
200
Speed
Normal
Resources
Standard
Victory
Conquest
Starting age
Dark Age
Ending age
Imperial Age
RankedLock teamsTeams togetherTeam positionsShared explorationLock speedFull tech treeHidden civsTurbo modeCheats
Victory
Defeat
🇺🇸 Slavs · United States
848
+15
🇺🇸 Poles · United States
833
+16
🇨🇴 Persians · Colombia
832
-16
825
-15
Derzer
9:35 Feudal Age
13:06 Man-at-Arms
15:55 Double-Bit Axe
15:54 Horse Collar
16:15 Arson
26:18 Castle Age
25:00 Town Watch
25:33 Gold Mining
25:35 Stone Mining
26:43 Bloodlines
27:02 Husbandry
27:45 Wheelbarrow
30:25 Bow Saw
30:17 Heavy Plow
31:54 Gold Shaft Mining
31:46 Scale Barding Armor
31:55 Scale Barding Armor
32:22 Town Patrol
34:41 Chain Barding Armor
35:40 Hand Cart
38:33 Stone Shaft Mining
40:46 Imperial Age
38:01 Loom
39:54 Forging
44:00 Plate Barding Armor
44:01 Iron Casting
42:49 Heavy Camel Rider
42:50 Cavalier
43:57 Conscription
43:48 Caravan
47:28 Blast Furnace
47:25 Savar
50:46 Crop Rotation
51:27 Coinage
Navix de los Bosques de Lituania
4:23 Loom
11:39 Feudal Age
12:16 Arson
11:54 Man-at-Arms
13:16 Arson
14:13 Long Swordsman
15:56 Scale Mail Armor
21:17 Castle Age
20:04 Pikeman
20:43 Double-Bit Axe
22:59 Wheelbarrow
22:15 Horse Collar
22:55 Forging
24:49 Gold Mining
24:50 Stone Mining
25:14 Squires
25:01 Gambesons
26:04 Bow Saw
26:54 Gold Shaft Mining
29:07 Hand Cart
30:13 Two-Handed Swordsman
31:19 Heavy Plow
34:21 Chain Mail Armor
34:41 Iron Casting
37:38 Coinage
39:47 Imperial Age
38:37 Ballistics
38:28 Masonry
38:10 Halberdier
39:31 Fortified Wall
40:57 Onager
44:11 Chemistry
44:49 Blast Furnace
44:19 Plate Mail Armor
44:44 Plate Mail Armor
44:37 Caravan
47:06 Coinage
46:46 Guilds
50:10 Fereters
BULLXHILL
4:58 Loom
12:12 Feudal Age
17:01 Castle Age
14:52 Double-Bit Axe
16:08 Gold Mining
20:00 Horse Collar
20:40 Stone Mining
20:53 Scale Mail Armor
24:10 Bow Saw
24:35 Heavy Plow
33:25 Imperial Age
31:23 Forging
32:28 Wheelbarrow
33:14 Stone Shaft Mining
33:18 Iron Casting
33:26 Scale Barding Armor
34:37 Conscription
35:00 Crop Rotation
34:44 Cavalier
35:46 Hand Cart
37:06 Chemistry
36:16 Husbandry
37:30 Blast Furnace
36:01 Light Cavalry
38:50 Bloodlines
38:55 Szlachta Privileges
40:43 Lechitic Legacy
41:28 Winged Hussar
42:22 Padded Archer Armor
42:13 Fletching
43:18 Chain Mail Armor
43:27 Chain Barding Armor
46:06 Plate Mail Armor
47:15 Caravan
51:11 Ballistics
50:32 Treadmill Crane
51:53 Elite Obuch
blueberry
0:28 Loom
12:36 Feudal Age
13:08 Double-Bit Axe
13:06 Horse Collar
13:19 Gold Mining
12:52 Man-at-Arms
17:25 Scale Mail Armor
18:09 Fletching
21:10 Forging
24:39 Castle Age
23:19 Padded Archer Armor
24:01 Scale Barding Armor
26:24 Gold Shaft Mining
25:17 Long Swordsman
27:29 Wheelbarrow
28:39 Chain Mail Armor
30:17 Bow Saw
29:56 Pikeman
31:15 Stone Mining
31:58 Squires
33:21 Heavy Plow
34:54 Murder Holes
39:17 Imperial Age
39:08 Hand Cart
39:37 Detinets
39:52 Masonry
40:03 Ballistics
40:30 Coinage
39:55 Capped Ram
41:16 Iron Casting
41:35 Halberdier
42:48 Plate Mail Armor
43:50 Druzhina
44:27 Heavy Scorpion
46:49 Blast Furnace
48:00 Two-Man Saw
47:10 Caravan
47:42 Banking
48:43 Siege Ram
51:15 Chemistry
50:21 Siege Engineers
51:34 Crop Rotation
56:57 Chain Barding Armor
Connection lost

Rejoining the realm…

Still unreachable

The connection could not be restored.

Session expired

The server has moved on; the page needs a fresh start.